Map: Blackburn LE

Players

Namshar

  • Race: Zerg Zerg
  • League: Master

Epic - Winner!

  • Race: Terran Terran
  • League: Grandmaster

Event: DreamHack SC2 Masters 2021 Summer

VOD

Have the link to the VOD?

Description

Time

  • Played on: May 26, 2021, 5 p.m.
  • Length: 9:37

All games in this series

Show
View Real Time Build Order
Export as new Build Order

Namshar Zerg 

Build Orders: Hatch First, Muta Ling Bane 

Get SALT Encoding   

  12  0:00  Drone  
  13  0:12  Overlord  
  13  0:17  Drone  
  14  0:30  Drone x2  
  16  0:48  Hatchery  
  15  0:51  Drone  
  15  0:54  Drone  
  17  0:58  Drone  
  18  1:08  Extractor  
  17  1:13  Spawning Pool  
  17  1:17  Drone  
  17  1:20  Drone  
  18  1:28  Drone  
  19  1:39  Drone  
  20  1:49  Drone  
  21  2:00  Queen x2, Zergling x2  
  21  2:01  Zergling x2  
  27  2:14  Hatchery  
  26  2:18  Overlord  
  26  2:22  Drone  
  27  2:30  Drone, Metabolic Boost  
  28  2:38  Drone x2  
  28  2:43  Drone  
  31  2:44  Overlord  
  31  2:49  Drone  
  32  2:53  Queen  
  34  3:03  Drone  
  35  3:07  Drone x3  
  35  3:12  Drone x2  
  40  3:16  Queen  
  43  3:20  Drone x2  
  43  3:26  Queen  
  46  3:28  Overlord  
  46  3:30  Drone  
  47  3:36  Queen  
  47  3:39  Overlord  
  49  3:41  Drone  
  50  3:48  Zergling x4  
  50  3:50  Zergling x2  
  50  3:51  Zergling x2, Overlord  
  50  3:53  Drone  
  55  3:57  Drone x2  
  56  4:03  Drone x4  
  60  4:10  Drone x4  
  60  4:13  Queen  
  66  4:19  Overlord  
  66  4:20  Overlord  
  66  4:33  Overlord x3  
  66  4:34  Overlord  
  66  4:35  Lair  
  66  4:39  Drone x2  
  66  4:40  Extractor x2  
  66  4:44  Drone x2  
  68  4:46  Drone  
  68  4:47  Drone x3  
  68  4:49  Drone x2  
  68  4:51  Drone x2  
  76  4:57  Drone  
  76  4:58  Drone  
  78  5:02  Drone x2  
  78  5:03  Spore Crawler  
  78  5:04  Spore Crawler  
  78  5:05  Drone  
  78  5:06  Drone x2, Extractor  
  80  5:09  Spore Crawler  
  79  5:15  Overlord  
  79  5:16  Drone x2  
  81  5:24  Baneling Nest  
  81  5:25  Zergling x4, Evolution Chamber x2  
  81  5:26  Drone  
  81  5:27  Drone x4  
  82  5:37  Drone x3  
  85  5:45  Zergling x2  
  85  5:47  Drone  
  85  5:48  Drone x4  
  91  5:51  Extractor x2  
  89  5:59  Zerg Ground Armor Level 1, Zerg Melee Weapons Level 1  
  89  6:01  Hatchery  
  88  6:06  Zergling x14  
  95  6:16  Zergling x2  
  95  6:17  Zergling x4  
  98  6:18  Zergling x2  
  98  6:19  Zergling x2  
  98  6:24  Queen  
  99  6:29  Centrifical Hooks  
  99  6:31  Drone  
  100  6:33  Baneling x8, Zergling x14, Spire  
  106  6:41  Zergling x2  
  106  6:42  Zergling x4  
  106  6:44  Baneling x4  
  106  6:46  Zergling x4  
  111  6:52  Drone  
  111  6:53  Drone  
  111  6:54  Hatchery  
  112  7:03  Drone  
  112  7:04  Drone x8  
  121  7:15  Zergling x10  
  121  7:17  Queen  
  123  7:24  Zergling x4  
  123  7:29  Zergling x8  
  125  7:30  Zergling x2  
  125  7:34  Overseer  
  114  7:40  Drone  
  114  7:41  Drone x2, Queen x2  
  114  7:42  Queen  
  123  7:45  Mutalisk x2  
  127  7:52  Overlord x3  
  126  8:10  Mutalisk  
  126  8:11  Mutalisk x4  
  136  8:13  Baneling x3  
  136  8:14  Baneling x4  
  136  8:15  Hatchery  
  136  8:18  Baneling x5  
  133  8:24  Mutalisk x2  
  133  8:25  Zergling x2  
  133  8:26  Zergling x12  
  140  8:43  Zergling x22  
  144  8:51  Zergling x18  
  144  9:02  Zergling x12  
  141  9:05  Zergling x4  
  135  9:11  Zergling x20  
  125  9:17  Zergling x8  
Show
View Real Time Build Order
Export as new Build Order

Epic Terran - Winner!

Build Orders: Reaper Expand 

Get SALT Encoding   

  12  0:00  SCV  
  13  0:12  SCV  
  14  0:17  Supply Depot  
  14  0:24  SCV  
  15  0:38  SCV  
  15  0:39  Barracks  
  16  0:43  Refinery  
  16  0:50  SCV  
  17  1:02  SCV  
  18  1:14  SCV  
  19  1:26  Reaper, Orbital Command  
  20  1:40  Command Center  
  20  1:48  Supply Depot  
  20  1:52  SCV  
  21  1:58  Marine  
  22  2:04  SCV  
  23  2:14  Factory  
  23  2:18  SCV  
  23  2:22  Barracks Reactor  
  24  2:30  SCV  
  25  2:40  Command Center  
  25  2:42  SCV  
  26  2:51  Orbital Command  
  26  2:54  SCV  
  26  2:56  Refinery  
  27  3:04  Starport  
  27  3:06  SCV  
  27  3:12  Hellion  
  30  3:16  Hellion  
  30  3:19  SCV  
  33  3:20  SCV  
  34  3:31  SCV  
  34  3:32  SCV  
  38  3:34  Hellion  
  38  3:37  Hellion  
  38  3:41  Viking  
  42  3:43  SCV, Barracks Tech Lab  
  42  3:44  SCV  
  44  3:53  Orbital Command  
  44  3:55  SCV  
  45  3:56  SCV  
  46  4:03  Stimpack  
  46  4:07  SCV  
  46  4:08  SCV  
  48  4:14  Liberator  
  48  4:15  Barracks  
  51  4:17  Barracks  
  51  4:19  SCV  
  51  4:20  Supply Depot  
  51  4:22  SCV x2  
  54  4:25  Factory Reactor  
  54  4:31  Engineering Bay  
  54  4:35  Engineering Bay  
  54  4:36  SCV  
  54  4:37  SCV  
  56  4:38  SCV  
  56  4:39  Supply Depot  
  56  4:44  Marine  
  58  4:53  SCV x3  
  58  4:57  Barracks  
  58  4:58  Barracks  
  58  4:59  Starport Reactor  
  61  5:03  Terran Infantry Weapons Level 1  
  61  5:06  Refinery  
  61  5:08  Refinery, SCV x2  
  61  5:11  Marine x3  
  66  5:14  Factory Tech Lab  
  66  5:15  Marine x2  
  66  5:16  Terran Infantry Armor Level 1, Orbital Command  
  66  5:20  Supply Depot  
  68  5:21  SCV x2  
  70  5:28  Marine  
  70  5:29  Marine x2  
  70  5:34  SCV x2  
  75  5:41  Supply Depot  
  75  5:42  Supply Depot, Siege Tank  
  78  5:51  SCV x3  
  78  5:54  Barracks Reactor x2  
  78  5:56  Combat Shield  
  81  5:58  Marine x2  
  81  5:59  Marine x2  
  81  6:02  Marine  
  81  6:03  Supply Depot x2  
  86  6:08  SCV x3  
  89  6:11  Medivac  
  91  6:20  Medivac  
  91  6:21  Barracks  
  91  6:22  Barracks x2  
  91  6:24  SCV  
  91  6:26  Supply Depot  
  91  6:27  SCV  
  91  6:28  SCV  
  91  6:29  Supply Depot  
  93  6:33  Marine x4  
  93  6:37  Marine x2  
  93  6:38  Marine x3  
  102  6:43  Siege Tank  
  105  6:47  SCV  
  105  6:48  SCV x2  
  105  6:49  Supply Depot  
  108  6:54  Supply Depot  
  108  6:57  Marine x9  
  117  7:02  Armory  
  117  7:03  Medivac  
  117  7:06  Medivac  
  121  7:08  Supply Depot  
  121  7:09  Supply Depot  
  121  7:13  Marine x3  
  121  7:14  Marine x2  
  121  7:15  Marine  
  127  7:17  Marine x5  
  131  7:24  Siege Tank  
  131  7:29  SCV  
  125  7:42  Marine x9  
  125  7:43  Marine  
  125  7:44  Medivac  
  137  7:48  SCV x2  
  139  7:51  Supply Depot  
  139  7:59  Marine x2  
  139  8:00  Marine x7  
  139  8:05  Marine x3  
  151  8:17  Marine x2  
  151  8:18  Marine  
  151  8:19  Missile Turret  
  154  8:20  Missile Turret  
  154  8:23  Marine x3  
  154  8:24  Marine x6  
  163  8:38  Siege Tank  
  166  8:43  Medivac  
  166  8:47  Medivac  
  164  8:50  Marine x9  
  164  8:52  Marine  
  164  8:53  Marine  
  164  8:55  Supply Depot  
  171  8:56  Supply Depot  
  171  8:58  Supply Depot  
  171  9:02  Marine  
  163  9:07  Marine  
  163  9:08  Marine x5  
  165  9:13  Supply Depot  
  165  9:14  Supply Depot  
Tags
 
Add a new tag
Caveats
  • Supply blocks, unpowered buildings, or Contaminate may cause inaccurate times.
  • Supply counts are checked every 10 seconds.